Map: Crête de Lerilak

Players

DIMAGA

  • Race: Zerg Zerg

IIIIIIIIIIII (State) - Winner!

  • Race: Protoss Protoss

Event: NationWars III

VOD

Have the link to the VOD?

Description

Time

  • Played on: Nov. 19, 2015, 6:01 p.m.
  • Length: 13:06
Show
View Real Time Build Order
Export as new Build Order

DIMAGA Zerg 

Build Orders: Hatch First 

Get SALT Encoding   

  12  0:00  Drone  
  13  0:12  Overlord  
  13  0:17  Drone  
  14  0:22  Extractor  
  14  0:23  Drone  
  15  0:30  Drone  
  15  0:34  Drone  
  17  0:52  Hatchery  
  17  0:55  Drone  
  17  0:58  Drone  
  18  1:11  Spawning Pool  
  18  1:14  Drone  
  18  1:20  Drone  
  19  1:28  Drone  
  20  1:41  Hatchery  
  19  1:58  Zergling x2, Queen  
  22  2:04  Queen  
  22  2:05  Drone  
  22  2:06  Drone  
  26  2:12  Overlord  
  26  2:16  Drone  
  26  2:20  Drone  
  28  2:30  Drone x2  
  28  2:32  Drone  
  28  2:34  Queen  
  33  2:40  Drone  
  34  2:44  Overlord  
  34  2:50  Drone  
  35  2:56  Drone x2  
  35  2:57  Queen  
  39  3:00  Drone  
  39  3:04  Extractor x2  
  38  3:06  Zergling x8  
  38  3:11  Zergling x2  
  42  3:17  Overlord  
  42  3:18  Drone x3  
  45  3:27  Overlord, Drone  
  45  3:28  Drone x2  
  48  3:37  Extractor  
  47  3:45  Drone x8  
  55  3:54  Drone x5  
  60  3:59  Roach Warren  
  59  4:19  Drone  
  59  4:20  Drone x3  
  59  4:22  Overlord  
  63  4:26  Spore Crawler  
  62  4:37  Overlord x3  
  62  4:38  Overlord  
  58  4:39  Roach x4  
  58  4:40  Roach x2  
  67  4:48  Roach x3  
  72  4:55  Metabolic Boost, Spore Crawler  
  71  5:07  Drone x3  
  71  5:10  Drone x3  
  71  5:11  Drone, Extractor  
  71  5:12  Drone x3  
  80  5:27  Drone x3  
  83  5:29  Roach x6  
  95  5:36  Overlord x2  
  95  5:44  Overlord  
  91  5:58  Roach x4  
  99  6:04  Ravager x3  
  99  6:05  Ravager x2  
  99  6:08  Overlord  
  103  6:11  Zergling x6  
  103  6:12  Zergling x10  
  103  6:14  Ravager  
  112  6:20  Overlord  
  112  6:22  Ravager  
  113  6:27  Zergling x4  
  113  6:28  Zergling x2  
  113  6:30  Ravager x2  
  113  6:31  Zergling x8  
  122  6:38  Zergling x2  
  122  6:39  Zergling x10  
  128  6:43  Ravager x2  
  130  6:48  Zergling x2  
  126  7:00  Zergling x18  
  125  7:12  Ravager  
  125  7:13  Ravager x3  
  91  7:40  Zergling x14  
  91  7:41  Zergling x12  
  84  7:54  Lair  
  75  8:06  Extractor  
  75  8:07  Extractor  
  59  8:20  Hatchery  
  59  8:22  Drone x7  
  59  8:23  Drone x5  
  69  8:33  Evolution Chamber  
  68  8:41  Evolution Chamber  
  67  8:58  Hydralisk Den  
  67  9:02  Roach x9  
  86  9:03  Roach x2  
  86  9:04  Roach  
  88  9:10  Roach x5  
  88  9:11  Roach x2  
  100  9:18  Roach  
  99  9:36  Hydralisk x13  
  99  9:38  Zerg Missile Weapons Level 1  
  121  9:40  Muscular Augments  
  121  9:43  Zerg Ground Armor Level 1  
  118  9:50  Hydralisk  
  121  9:52  Drone  
  121  9:53  Drone  
  122  10:09  Drone x5  
  122  10:10  Drone x5  
  132  10:15  Glial Reconstitution  
  132  10:27  Ravager x8  
  132  10:28  Overlord x3  
  140  10:39  Spore Crawler  
  139  10:50  Roach  
  139  10:51  Hydralisk x2, Roach x2  
  139  10:52  Hydralisk x2  
  139  10:57  Ravager x8  
  159  11:06  Hydralisk, Roach  
  159  11:07  Zergling x2  
  159  11:08  Zergling x8  
  159  11:10  Overlord  
  168  11:14  Overlord x2  
  168  11:27  Overlord x2  
  168  11:29  Zergling x2  
  168  11:30  Zergling x14  
  176  11:40  Zergling x8  
  180  11:51  Zergling x18  
  189  12:03  Zergling x14  
  189  12:07  Zergling x2  
  196  12:12  Zergling x4  
  168  12:16  Zergling x2  
  168  12:18  Zergling x2  
  130  12:23  Zergling x8  
  130  12:25  Zergling x4  
  115  12:34  Zergling x4  
Show
View Real Time Build Order
Export as new Build Order

IIIIIIIIIIII Protoss - Winner!

Build Orders: Nexus First, Oracle Opening 

Get SALT Encoding   

  12  0:01  Probe (Chrono Boost)  
  13  0:12  Probe (Chrono Boost)  
  14  0:17  Pylon  
  14  0:22  Probe (Chrono Boost)  
  16  0:35  Probe (Chrono Boost)  
  16  0:46  Probe (Chrono Boost)  
  17  0:58  Nexus  
  17  1:08  Gateway  
  17  1:11  Probe (Chrono Boost)  
  17  1:18  Assimilator  
  18  1:22  Probe (Chrono Boost)  
  19  1:26  Assimilator  
  20  1:32  Probe (Chrono Boost)  
  20  1:38  Gateway  
  20  1:43  Probe (Chrono Boost)  
  21  1:54  Probe (Chrono Boost)  
  22  1:55  Cybernetics Core  
  22  2:04  Probe (Chrono Boost)  
  23  2:11  Probe (Chrono Boost)  
  23  2:15  Probe (Chrono Boost)  
  25  2:22  Probe (Chrono Boost)  
  26  2:25  Probe (Chrono Boost)  
  26  2:26  Warp Gate  
  27  2:31  Adept (Chrono Boost)  
  27  2:32  Probe (Chrono Boost), Adept (Chrono Boost)  
  27  2:36  Probe  
  33  2:43  Stargate  
  33  2:44  Probe  
  33  2:48  Probe (Chrono Boost)  
  35  2:53  Pylon  
  35  2:57  Probe (Chrono Boost)  
  36  3:00  Probe (Chrono Boost)  
  37  3:07  Probe (Chrono Boost)  
  37  3:09  Pylon  
  37  3:11  Probe (Chrono Boost)  
  39  3:15  Adept x2 (Chrono Boost)  
  39  3:18  Probe  
  44  3:23  Probe  
  45  3:27  Oracle (Chrono Boost)  
  45  3:30  Probe  
  49  3:35  Probe  
  50  3:42  Probe  
  50  3:43  Assimilator  
  50  3:44  Assimilator  
  50  3:45  Robotics Facility  
  50  3:47  Probe  
  52  3:54  Probe  
  49  4:00  Pylon  
  49  4:01  Gateway, Forge  
  49  4:08  Mothership Core, Probe  
  52  4:20  Probe  
  53  4:28  Pylon  
  53  4:29  Probe  
  54  4:31  Pylon  
  54  4:32  Probe  
  55  4:40  Immortal (Chrono Boost)  
  55  4:41  Protoss Ground Weapons Level 1 (Chrono Boost)  
  57  4:46  Oracle  
  57  4:52  Twilight Council  
  58  4:55  Adept  
  60  5:08  Nexus  
  60  5:09  Pylon  
  60  5:13  Immortal  
  64  5:22  Pylon  
  64  5:29  Probe x2  
  64  5:31  Blink  
  66  5:39  Gateway  
  66  5:40  Gateway  
  66  5:41  Robotics Bay  
  66  5:42  Probe x2  
  68  5:52  Immortal  
  68  5:54  Probe x2  
  74  6:07  Probe x2  
  74  6:11  Sentry x2  
  78  6:12  Stalker  
  82  6:19  Probe x2  
  82  6:21  Pylon  
  82  6:22  Probe  
  82  6:23  Gateway  
  82  6:24  Gateway, Pylon  
  85  6:27  Disruptor  
  85  6:31  Probe x2  
  90  6:40  Protoss Ground Weapons Level 2 (Chrono Boost)  
  90  6:43  Sentry  
  90  6:44  Stalker  
  90  6:46  Probe x3  
  96  6:58  Stalker x2  
  96  6:59  Stalker  
  102  7:06  Probe, Disruptor  
  102  7:08  Probe  
  107  7:18  Stalker  
  109  7:30  Probe  
  109  7:31  Probe x2  
  109  7:36  Stalker x4  
  103  7:38  Zealot  
  103  7:41  Warp Prism  
  93  7:49  Stalker x2  
  93  7:50  Probe  
  93  7:51  Probe x2  
  89  8:00  Probe  
  89  8:01  Stalker x2  
  89  8:02  Zealot x3  
  89  8:03  Mothership Core, Probe  
  100  8:08  Assimilator  
  100  8:10  Assimilator  
  100  8:11  Probe  
  98  8:15  Probe  
  98  8:17  Adept x2  
  98  8:18  Resonating Glaives (Chrono Boost)  
  102  8:24  Protoss Ground Armor Level 1 (Chrono Boost)  
  102  8:25  Nexus  
  102  8:26  Disruptor  
  102  8:28  Pylon  
  102  8:29  Pylon  
  105  8:40  Pylon  
  105  8:42  Pylon  
  105  8:51  Gateway  
  105  8:52  Pylon  
  105  8:56  Gateway  
  105  8:57  Pylon  
  105  9:03  Zealot x3  
  105  9:04  Adept x4  
  105  9:08  Disruptor  
  122  9:37  Probe  
  122  9:38  Probe x2  
  117  9:39  Disruptor  
  110  9:52  Gateway  
  110  9:54  Gateway  
  110  9:55  Protoss Ground Weapons Level 3  
  110  9:56  Gateway  
  110  9:58  Assimilator  
  108  10:02  Assimilator  
  108  10:05  Stalker x2, Photon Cannon, Charge (Chrono Boost)  
  108  10:06  Stalker x3, Photon Cannon  
  118  10:10  Disruptor  
  116  10:21  Probe x2  
  121  10:25  Stalker, Probe  
  121  10:26  Stalker x3  
  130  10:33  Gateway, Robotics Facility  
  130  10:35  Gateway  
  130  10:37  Stalker x3  
  130  10:38  Stalker  
  138  10:57  Stalker x5  
  138  11:03  Observer  
  149  11:14  Sentry x3  
  149  11:16  Probe  
  156  11:19  Probe, Nexus  
  156  11:20  Probe  
  156  11:25  Warp Prism (Chrono Boost)  
  160  11:29  Stalker x4  
  160  11:30  Stalker x2  
  172  11:33  Pylon  
  172  11:34  Pylon  
  172  11:35  Pylon  
  172  11:36  Pylon  
  172  11:49  Dark Shrine  
  172  11:55  Stalker x6  
  172  11:59  Pylon  
  172  12:01  Pylon  
  178  12:02  Pylon  
  180  12:08  Warp Prism (Chrono Boost)  
  153  12:25  Stalker x5  
  153  12:28  Stalker  
  143  12:35  Warp Prism (Chrono Boost)  
  137  12:38  Stalker x4  
  143  12:57  Stalker x6  
Tags
 
Add a new tag
Caveats
  • Supply blocks, unpowered buildings, or Contaminate may cause inaccurate times.
  • Supply counts are checked every 10 seconds.